 Dungeon Crawl Stone Soup version 0.29.0-11-gd7f09526c8 (webtiles) character file.

Game seed: 15111335768271820234

7846 Strat the Cleaver (level 11, -3/99 HPs)
             Began as a Minotaur Fighter on Sept 4, 2022.
             Slain by an elephant (11 damage)
             ... on level 5 of the Lair of Beasts.
             The game lasted 00:21:27 (3597 turns).

Strat the Cleaver (Minotaur Fighter)                Turns: 3597, Time: 00:21:28

Health: -3/99      AC: 14    Str: 23    XL:     11   Next: 2%
Magic:  10/10      EV: 15    Int:  5    God:
Gold:   263        SH:  5    Dex: 12    Spells: 10/10 levels left

rFire   . . .      SeeInvis .   a - +1 war axe
rCold   . . .      Faith    .   c - +0 buckler
rNeg    . . .      Spirit   .   o - +1 chain mail
rPois   .          Reflect  .   (helmet restricted)
rElec   .          Harm     .   x - scarf {repulsion}
rCorr   .          Rampage  .   s - +0 pair of gloves
Will    +....                   (no boots)
Stlth   ..........              m - amulet of regeneration
HPRegen 1.06/turn               h - +4 ring of evasion
MPRegen 0.12/turn               z - ring of willpower

@: studying Necromancy, repel missiles
A: horns 2, retaliatory headbutt
a: no special abilities


You were on level 5 of the Lair of Beasts.
You visited 2 branches of the dungeon, and saw 14 of its levels.

You collected 263 gold pieces.

Inventory:

Hand Weapons
 a - a +1 war axe (weapon)
 q - a +1 morningstar of protection
Missiles
 p - 13 poisoned darts (quivered)
Armour
 b - a +0 scale mail
 c - a +0 buckler (worn)
 o - a +1 chain mail (worn)
 s - a +0 pair of gloves (worn)
 x - a scarf of repulsion (worn)
Jewellery
 h - a +4 ring of evasion (left hand)
 l - an amulet of the acrobat
 m - an amulet of regeneration (around neck)
 r - an amulet of magic regeneration
 z - a ring of willpower (right hand)
Wands
 u - a wand of digging (3)
 w - a wand of flame (13)
Scrolls
 d - 2 scrolls of identify
 i - 4 scrolls of noise
 n - 2 scrolls of enchant weapon
 y - a scroll of amnesia
Potions
 f - a potion of magic
 g - a potion of flight
 j - 2 potions of degeneration
 k - 2 potions of brilliance
 t - a potion of lignification
 v - a potion of curing


   Skills:
 - Level 10.0 Fighting
 + Level 11.0 Axes
 - Level 10.0 Armour
 - Level 10.0 Dodging
 - Level 5.0 Shields


You had 10 spell levels left.
You didn't know any spells.
Your spell library contained the following spells:

 Spells                   Type           Power      Damage    Failure   Level
 Sublimation of Blood     Necr           0%         N/A       99%         2
 Wereblood                Tmut           0%         N/A       99%         2
 Summon Hydra             Summ           0%         N/A       100%        7


Dungeon Overview and Level Annotations

Branches:
Dungeon (10/15)              Lair (3/5) D:10
 Temple: D:4-7        Swamp: Lair:2-3    Shoals: Lair:2-3     Snake: Lair:2-3
 Spider: Lair:2-3       Orc: D:9-12

Altars:
Elyvilon
Fedhas
Kikubaaqudgha
Makhleb
Okawaru
Sif Muna
Uskayaw
Vehumet
Yredelemnul
Zin
The Shining One

Shops:
D:4 :

Annotations:
D:4 1 transporter
Lair:5 Rupert


Innate Abilities, Weirdness & Mutations

You have a pair of horns on your head.
You reflexively headbutt those who attack you in melee.


Message History

The elephant trunk-slaps you but does no damage.
The elephant tramples you but does no damage.
The elephant barely misses you.
The dream sheep bites you but does no damage.
The yak closely misses you. You furiously retaliate!
You headbutt the yak.
You feel better. The elephant tramples you.
* * * LOW HITPOINT WARNING * * *
You hold your ground!
The elephant barely misses you.
The dream sheep bites you but does no damage.
The yak gores you!
* * * LOW HITPOINT WARNING * * *
The elephant tramples you but does no damage.
The elephant trunk-slaps you but does no damage.
You closely miss the dream sheep. You headbutt the dream sheep!
The dream sheep is heavily wounded.
You hit the elephant. You slash the yak! You slash the elephant!
You block the elephant's attack.
The elephant trunk-slaps you but does no damage.
You block the elephant's attack. The elephant closely misses you.
The dream sheep bites you but does no damage.
The yak closely misses you.
You closely miss the dream sheep.
The dream sheep is heavily wounded.
You barely miss the yak. You slash the elephant! You hit the elephant.
You block the yak's attack. The elephant misses you.
The elephant trunk-slaps you but does no damage.
You block the elephant's attack. The elephant misses you.
A black mamba comes into view.
The dream sheep ruffle their wool and motes of dream dust sparkle, to no effect. x2
The elephant tramples you!
* * * LOW HITPOINT WARNING * * *
You hold your ground!
The elephant closely misses you. The elephant completely misses you.
You furiously retaliate!
You headbutt the elephant!
The elephant trunk-slaps you but does no damage.
You closely miss Rupert.
The black mamba hisses angrily.
You hit the elephant but do no damage. x2; You slash the yak!
The elephant tramples you!
You die...

♣♣♣♣♣♣ . ♣.♣.Y♣♣♣
....♣♣..YYY@♣Y.
#.......YYY@Y.....
..........YYYY.....
.#.........F.......
#..................
##.......S.........
#..................
##.................
..............


You could see Rupert, 4 elephants, a black mamba, 5 yaks, a cane toad and 3
dream sheep.

Vanquished Creatures
  Erica (D:9)
  A two-headed ogre (D:10)
  A black mamba (Lair:1)
  3 cane toads (Lair:1)
  An unseen horror (D:10)
  A komodo dragon (D:10)
  A polar bear (Lair:1)
  Grinder (D:4)
  2 hornets
  A dream sheep (Lair:5)
  A vampire (D:10)
  Eustachio (D:4)
  A wyvern (Lair:1)
  4 yaks (D:9)
  A water moccasin (Lair:1)
  A sky beast (D:7)
  An orc warrior (D:10)
  An ogre (D:5)
  3 wolves (Lair:2)
  7 centaurs
  A phantom (D:6)
  Blork the orc (D:4)
  2 kobold brigands
  7 bullfrogs
  A necrophage (D:5)
  A scorpion (D:6)
  3 wights (D:10)
  5 killer bees (D:9)
  An electric eel (D:10)
  3 orc priests
  A hound (D:4)
  A gnoll bouda (D:7)
  2 iguanas
  Ijyb (D:4)
  4 orc wizards
  5 gnolls
  10 adders
  A white imp (D:6)
  A worm (D:2)
  4 dart slugs
  20 orcs
  4 endoplasms
  A giant cockroach (D:3)
  4 goblins
  A hobgoblin (D:2)
  2 jackals (D:4)
  14 kobolds
  4 quokkas
  5 ball pythons
  3 bats (D:3)
  A frilled lizard (D:2)
  2 rats (D:3)
150 creatures vanquished.

Vanquished Creatures (others)
  A fungus (Lair:1)
  8 plants
9 creatures vanquished.

Grand Total: 159 creatures vanquished

Notes
Turn   | Place    | Note
-------+----------+-------------------------------------------
     0 | D:1      | Strat the Minotaur Fighter began the quest for the Orb.
     0 | D:1      | Reached XP level 1. HP: 19/19 MP: 0/0
   171 | D:1      | Reached XP level 2. HP: 16/27 MP: 1/1
   197 | D:2      | Reached skill level 3 in Axes
   260 | D:2      | Reached XP level 3. HP: 32/33 MP: 2/2
   458 | D:3      | Reached skill level 4 in Axes
   461 | D:3      | Reached XP level 4. HP: 22/41 MP: 3/3
   524 | D:3      | Found a hide-covered altar of Uskayaw.
   533 | D:3      | Found a burning altar of Makhleb.
   562 | D:3      | Found a basalt altar of Yredelemnul.
   707 | D:3      | Reached XP level 5. HP: 47/47 MP: 4/4
   710 | D:4      | Noticed a water moccasin
   748 | D:3      | Reached skill level 5 in Axes
   811 | D:3      | Found an iron altar of Okawaru.
   884 | D:4      | Noticed Ijyb
   904 | D:4      | Killed Ijyb
   918 | D:4      | Noticed Eustachio
   958 | D:4      | Killed Eustachio
   959 | D:4      | Reached skill level 5 in Fighting
   959 | D:4      | Reached skill level 6 in Axes
   959 | D:4      | Reached skill level 5 in Armour
   959 | D:4      | Reached XP level 6. HP: 26/56 MP: 5/5
   975 | D:4      | Found Jiesewn's Vocational Training.
  1014 | D:4      | Found a transporter.
  1023 | D:4      | Noticed Blork the orc
  1029 | D:4      | Killed Blork the orc
  1042 | D:4      | Noticed Grinder
  1049 | D:4      | Paralysed by Grinder for 3 turns
  1059 | D:4      | Paralysed by Grinder for 2 turns
  1079 | D:4      | Killed Grinder
  1080 | D:4      | Reached skill level 7 in Axes
  1080 | D:4      | Reached XP level 7. HP: 39/63 MP: 6/6
  1105 | D:5      | Entered Level 5 of the Dungeon
  1183 | D:5      | Found a blossoming altar of Fedhas.
  1184 | D:5      | Found an ancient bone altar of Kikubaaqudgha.
  1527 | D:6      | Reached skill level 8 in Axes
  1573 | D:6      | Reached XP level 8. HP: 71/71 MP: 7/7
  1705 | D:6      | Reached skill level 9 in Axes
  1858 | D:6      | Found a glowing golden altar of the Shining One.
  1858 | D:6      | Found a white marble altar of Elyvilon.
  1858 | D:6      | Found a glowing silver altar of Zin.
  1951 | D:7      | Reached skill level 10 in Axes
  2038 | D:8      | Noticed a hornet
  2045 | D:8      | Killed a hornet
  2046 | D:8      | Reached XP level 9. HP: 80/81 MP: 8/8
  2100 | D:8      | Found a shimmering blue altar of Sif Muna.
  2230 | D:9      | Found a radiant altar of Vehumet.
  2269 | D:9      | Reached skill level 11 in Axes
  2319 | D:9      | You fall into a shaft and drop 1 floor!
  2319 | D:10     | Entered Level 10 of the Dungeon
  2355 | D:10     | Noticed a two-headed ogre
  2372 | D:10     | Killed a two-headed ogre
  2373 | D:10     | Reached skill level 5 in Shields
  2436 | D:9      | Noticed Erica
  2453 | D:9      | Killed Erica
  2454 | D:9      | Reached skill level 10 in Armour
  2503 | D:9      | Reached XP level 10. HP: 68/91 MP: 9/9
  2871 | D:9      | Noticed a two-headed ogre
  3001 | D:10     | Reached skill level 10 in Fighting
  3062 | D:10     | Reached skill level 5 in Dodging
  3245 | D:10     | Found a staircase to the Lair.
  3271 | Lair:1   | Entered Level 1 of the Lair of Beasts
  3281 | Lair:1   | Noticed a cane toad
  3294 | Lair:1   | Killed a cane toad
  3358 | Lair:1   | Noticed a cane toad
  3362 | Lair:1   | Noticed a black mamba
  3362 | Lair:1   | Noticed a cane toad
  3374 | Lair:1   | Killed a black mamba
  3374 | Lair:1   | Killed a cane toad
  3382 | Lair:1   | Noticed a cane toad
  3395 | Lair:1   | Noticed a cane toad
  3404 | Lair:1   | Killed a cane toad
  3560 | Lair:2   | Noticed a cane toad
  3576 | Lair:3   | You fall into a shaft and drop 2 floors!
  3576 | Lair:5   | Entered Level 5 of the Lair of Beasts
  3576 | Lair:5   | Noticed an elephant
  3576 | Lair:5   | Noticed an elephant
  3576 | Lair:5   | Noticed an elephant
  3576 | Lair:5   | Noticed an elephant
  3586 | Lair:5   | Noticed Rupert
  3588 | Lair:5   | Noticed a cane toad
  3590 | Lair:5   | Reached skill level 10 in Dodging
  3590 | Lair:5   | Reached XP level 11. HP: 37/99 MP: 10/10
  3597 | Lair:5   | Slain by an elephant

Illustrated notes

Levels and vault maps discovered:
D:1:      psy_arrival_whirlpool, layout_basic
D:2:      layout_loops_ring, shapermc_ecumenical_altar_notcrosses,
          hangedman_decor_points, minmay_misc_feat_five, corner_web_ring
D:3:      layout_basic, nicolae_overflow_crystal_walls,
          mainiacjoe_overflow_cross_hatched,
          mainiacjoe_overflow_large_starburst, kennysheep_generic_room_9
D:4:      gammafunk_cloud_chamber, layout_cave_pods,
          mainiacjoe_overflow_concentric_impassable, nicolae_shop_vocational,
          uniq_ijyb, uniq_grinder, uniq_blork_the_orc, uniq_eustachio
D:5:      layout_loops_corners, grunt_temple_overflow_growth_and_decay,
          minmay_temple_entry_grid
D:6:      layout_gridville, good_gods_mini_temple,
          nicolae_wu_jian_immortal_techniques, minmay_manual_mares
D:7:      layout_rooms, lemuel_coloured_pillars_altar,
          mainiacjoe_overflow_surrounded_room, old_standard_altar
D:8:      layout_loops_cross, general_overflow_altar
D:9:      layout_loops_ring, vehumet_altar_wand_db, uniq_erica
D:10:     layout_irregular_city, david_lair_shrubbed, nooodl_orcs_dogs
Lair:1:   layout_gridlike, basic_altar
Lair:2:   layout_layer_cave, minmay_shoals_entry_centaurs
Lair:3:   layout_chaotic_city, minmay_snake_entry_guardpost_small
Lair:5:   evil_forest, layout_regular_city, nicolae_slime_entry_slimehenge,
          st_stairs_9, grunt_megastairs_5, serial_bayou_shore_b, uniq_rupert

Skill      XL: |  1  2  3  4  5  6  7  8  9 10 |
---------------+-------------------------------+-----
Axes           | 3 4 6 7 8 10 11 | 11.0
Fighting       | 4 5 6 8 9 10 | 10.0
Armour         | 4 5 6 8 10 | 10.0
Shields        | 5 |  5.0
Dodging        | 3 10 | 10.0

Action                   |  1- 3 |  4- 6 |  7- 9 | 10-12 || total
-------------------------+-------+-------+-------+-------++-------
Melee: War axe           |    52 |   113 |   157 |   153 ||   475
       Headbutt          |     6 |    11 |    28 |    38 ||    83
Evoke: Wand              |       |       |     2 |       ||     2
  Use: Scroll            |       |     9 |    12 |     5 ||    26
       Potion            |       |       |     4 |     6 ||    10
 Stab: Distracted        |       |       |       |     1 ||     1
Armor: Scale mail        |    19 |       |       |       ||    19
       Chain mail        |    16 |    58 |    77 |   102 ||   253
Dodge: Dodged            |    26 |    82 |    98 |   126 ||   332
Block: Buckler           |    14 |    33 |    41 |    67 ||   155
